 Dungeon Crawl Stone Soup version 0.30.1-3-gfc49f6343a (webtiles) character file.

Game seed: 1427643874153245819

7 Anriel the Vexing (level 1, -1/13 HPs)
             Began as a Vampire Enchanter on July 19, 2023.
             Slain by a quokka (2 damage)
             ... on level 1 of the Dungeon.
             The game lasted 00:03:23 (164 turns).

Anriel the Vexing (Vampire Enchanter)                Turns: 164, Time: 00:03:24

Health: -1/13      AC:  2    Str:  7    XL:     1   Next: 83%
Magic:  3/3        EV: 12    Int: 17    God:
Gold:   13         SH:  0    Dex: 14    Spells: 4/4 levels left

rFire   . . .        a - +1 dagger
rCold   . . .        (no shield)
rNeg    . . .        b - +0 robe
rPois   .            (no helmet)
rElec   .            (no cloak)
rCorr   .            (no gloves)
SInv    +            (no boots)
Will    .....        (no amulet)
Stlth   +++          (no ring)
HPRegen 0.42/turn    (no ring)
MPRegen 0.08/turn

%: no passive effects
@: healing quickly, invisible
A: alive, fangs 3, see invisible, vampiric 1
a: Exsanguinate


You were on level 1 of the Dungeon.
You visited 1 branch of the dungeon, and saw 1 of its levels.

You collected 13 gold pieces.

Inventory:

Hand Weapons
 a - a +1 dagger (weapon)
Armour
 b - a +0 robe (worn)
Scrolls
 d - a scroll of magic mapping {unknown}
Potions
 c - a potion of invisibility
 e - a potion of flight {unknown}


   Skills:
 * Level 1.5 Short Blades
 * Level 2.4 Dodging
 - Level 4.4 Stealth
 + Level 2.1 Spellcasting
 - Level 4.4 Hexes


You had 4 spell levels left.
You didn't know any spells.
Your spell library contained the following spells:

 Spells                   Type           Power      Damage    Failure   Level
 Confusing Touch          Hex            16%        N/A       10%         3
 Tukima's Dance           Hex            16%        N/A       10%         3
 Ensorcelled Hibernation  Hex/Ice        18%        N/A       12%         2
 Dazzling Flash           Conj/Hex       18%        N/A       24%         3


Dungeon Overview and Level Annotations

Branches:
Dungeon (1/15)

Altars:


Innate Abilities, Weirdness & Mutations

Your natural rate of healing is accelerated.
You have razor-sharp teeth.
You have supernaturally acute eyesight. (SInv)
You are afflicted with vampirism.


Message History

The quokka is almost dead.
The quokka barely misses you.
You closely miss the quokka.
The quokka is almost dead.
The quokka closely misses you.
You hit the quokka.
You kill the quokka!
You see here a quokka corpse.
HP restored.
Found a yellow potion.
e - a yellow potion
Found a stone staircase leading down.
A quokka comes into view.
A ball python comes into view.
Found a spear and a scroll labelled SOWNIRU DAEPUL.
The ball python hisses angrily.
The quokka twitches its whiskers.
You hit the quokka but do no damage. The quokka barely misses you.
You hit the quokka but do no damage. The quokka bites you.
You miss the quokka. The quokka completely misses you.
The quokka attacks as you move away! The quokka bites you.
You miss the quokka. The quokka bites you. The quokka barely misses you.
You hit the quokka but do no damage. The quokka closely misses you.
You hit the quokka.
The quokka is lightly wounded.
The quokka misses you.
You closely miss the quokka.
The quokka is lightly wounded.
The quokka misses you.
You hit the quokka.
The quokka is heavily wounded.
The quokka bites you.
You barely miss the quokka. You bite the quokka, but do no damage.
The quokka is heavily wounded.
The quokka bites you.
* * * LOW HITPOINT WARNING * * *
Okay, then.
You fade into invisibility!
The quokka bites you.
You die...

..# #.### #.......#
....# #.......#
#.#.#### . #.......#
#......# #.
#.....?.# ###.#.##
#.# #.......##
......# #..#
#........) ###.#.##
... #........#
#......#
#.##@......#
#.#.####.
#..r##.....# ....#
#.######..S.#####
#)######.........>##
..#......#.########
#.##...........#
..########.###.#
#######
.....†...#.###.#
#.....#
#######........#
#.###.#


You could see a quokka (unable to see you).

Vanquished Creatures
  A bat (D:1)
  A goblin (D:1)
  A hobgoblin (D:1)
  2 quokkas (D:1)
5 creatures vanquished.

Notes
Turn   | Place    | Note
-------+----------+-------------------------------------------
     0 | D:1      | Anriel the Vampire Enchanter began the quest for the Orb.
     0 | D:1      | Reached XP level 1. HP: 13/13 MP: 3/3
   164 | D:1      | Slain by a quokka

Illustrated notes

Levels and vault maps discovered:
D:1:      roderic_chinese_lattice_arrival, layout_basic, serial_shops,
          nicolae_square_shop, nicolae_shop_hallway_plus

Action                     || total
---------------------------++-------
  Melee: Dagger            ||    27
         Bite              ||     1
    Use: Potion            ||     1
   Stab: Sleeping          ||     1
 Armour: Robe              ||     3
  Dodge: Dodged            ||    23
